TOP OF THE 1ST |
Hudson Valley Renegades batting - Pitching for Spokane Indians : RHP Dan Rohrbach
|
Pitching: RHP Dan Rohrbach
|
|
Batting: LHB Jonathan Spino
|
0-0: Called Strike 0-1: Ball 1-1: Foul Ball, location: 2F 1-2: Strikes out looking
|
Batting: SHB Josif Popovski
|
0-0: Ball 1-0: Foul Ball, location: 2F 1-1: Foul Ball, location: 2F 1-2: Ball 2-2: Ground out U3 (Groundball, 3, EV 99.4 MPH)
|
Batting: LHB Rocky Crowley
|
0-0: Ball 1-0: Ball 2-0: Ball 3-0: Base on Balls
|
Batting: SHB Joey Pacheco
|
0-0: Called Strike Rocky Crowley is caught stealing 2nd base 2-6
|
Top of the 1st over - 0 runs, 0 hits, 0 errors, 0 left on base; Hudson Valley 0 - Spokane 0 |
BOTTOM OF THE 1ST |
Spokane Indians batting - Pitching for Hudson Valley Renegades : RHP Cameron Bianchi
|
Pitching: RHP Cameron Bianchi
|
|
Batting: LHB Jose Baez
|
0-0: Fly out, F5 (Popup, 5, EV 64.4 MPH)
|
Batting: RHB Andres Mendiola
|
0-0: Foul Ball, location: 2F 0-1: Swinging Strike 0-2: Ball 1-2: Ball 2-2: Foul Ball, location: 2F 2-2: Foul Ball, location: 2F 2-2: Ball 3-2: Ground out 4-3 (Groundball, 4, EV 85.6 MPH)
|
Batting: LHB Gabriel Graves
|
0-0: Ball 1-0: Ball 2-0: Foul Ball, location: 2F 2-1: Ball 3-1: Base on Balls
|
Batting: LHB Nick Foutz
|
0-0: Ball Gabriel Graves is caught stealing 2nd base 2-6
|
Bottom of the 1st over - 0 runs, 0 hits, 0 errors, 0 left on base; Hudson Valley 0 - Spokane 0 |
TOP OF THE 2ND |
Hudson Valley Renegades batting - Pitching for Spokane Indians : RHP Dan Rohrbach
|
Batting: SHB Joey Pacheco
|
0-0: Called Strike 0-1: Called Strike 0-2: Hit by Pitch
|
Batting: LHB Eric Toney
|
0-0: Called Strike 0-1: Swinging Strike 0-2: Grounds into double play, 6-4-3 (Groundball, 6, EV 88.1 MPH)
|
Batting: LHB Helmut Steggall
|
0-0: Ball 1-0: Called Strike 1-1: Ball 2-1: Swinging Strike 2-2: TRIPLE (Flyball, 78XD, EV 106.2 MPH)
|
Batting: RHB Dave Galloway
|
0-0: SINGLE (Flyball, 5D, EV 94.4 MPH) Helmut Steggall scores
|
Batting: SHB Chris Lockart
|
0-0: Foul Ball, location: 2F 0-1: Ball 1-1: Ball Wild Pitch! Dave Galloway to second 2-1: Ball 3-1: Called Strike 3-2: Ground out 5-3 (Groundball, 56S, EV 83.8 MPH)
|
Top of the 2nd over - 1 run, 2 hits, 0 errors, 1 left on base; Hudson Valley 1 - Spokane 0 |
BOTTOM OF THE 2ND |
Spokane Indians batting - Pitching for Hudson Valley Renegades : RHP Cameron Bianchi
|
Batting: LHB Nick Foutz
|
0-0: Called Strike 0-1: Foul Ball, location: 2F 0-2: Ball 1-2: Ball 2-2: Foul Ball, location: 2F 2-2: Fly out, F8 (Flyball, 8RXD, EV 98.8 MPH)
|
Batting: RHB Sergio Godinez
|
0-0: Ball 1-0: Called Strike 1-1: Ball 2-1: Swinging Strike 2-2: Fly out, F3 (Popup, 3SF, EV 81.2 MPH)
|
Batting: LHB Caleb Domino
|
0-0: Foul Ball, location: 2F 0-1: Foul Ball, location: 2F 0-2: Ground out 5-3 (Groundball, 56, EV 86.9 MPH)
|
Bottom of the 2nd over - 0 runs, 0 hits, 0 errors, 0 left on base; Hudson Valley 1 - Spokane 0 |
TOP OF THE 3RD |
Hudson Valley Renegades batting - Pitching for Spokane Indians : RHP Dan Rohrbach
|
Batting: RHB Jesus Carrillo
|
0-0: Ball 1-0: Foul Ball, location: 2F 1-1: Ball 2-1: Ground out 5-3 (Groundball, 15, EV 87.5 MPH)
|
Batting: LHB Jonathan Spino
|
0-0: Ball 1-0: Fly out, F4 (Popup, 3DF, EV 74.4 MPH)
|
Batting: SHB Josif Popovski
|
0-0: Reached on error, E4 (Groundball, 4, EV 91.9 MPH)
|
Batting: LHB Rocky Crowley
|
0-0: Called Strike Josif Popovski steals 2nd base 0-1: Ball 1-1: Ball 2-1: Called Strike 2-2: Foul Ball, location: 2F 2-2: Ball 3-2: Strikes out looking
|
Top of the 3rd over - 0 runs, 0 hits, 1 error, 1 left on base; Hudson Valley 1 - Spokane 0 |
BOTTOM OF THE 3RD |
Spokane Indians batting - Pitching for Hudson Valley Renegades : RHP Cameron Bianchi
|
Batting: RHB Tim Adams
|
0-0: Called Strike 0-1: Ball 1-1: Swinging Strike 1-2: Ball 2-2: Strikes out swinging
|
Batting: RHB Luke Stark
|
0-0: Swinging Strike 0-1: Called Strike 0-2: Ball 1-2: Ball 2-2: DOUBLE (Line Drive, 89M, EV 96.9 MPH)
|
Batting: RHB Ferdi Schipper
|
0-0: Ball 1-0: Fly out, F8 (Line Drive, 8LXD, EV 88.1 MPH)
|
Batting: LHB Jose Baez
|
0-0: Called Strike 0-1: Called Strike 0-2: Foul Ball, location: 2F 0-2: Ball 1-2: Ball 2-2: Ball 3-2: Foul Ball, location: 2F 3-2: Foul Ball, location: 2F 3-2: SINGLE (Line Drive, 8LS, EV 103.8 MPH) Luke Stark to third Runner from 3rd tries for Home, SAFE, throw by CF to home
|
Batting: RHB Andres Mendiola
|
0-0: Ball Jose Baez steals 2nd base 1-0: 2-RUN HOME RUN (Flyball, 9D, EV 99.4 MPH), Distance : 369 ft
|
Batting: LHB Gabriel Graves
|
0-0: Ball 1-0: Ball 2-0: Called Strike 2-1: Called Strike 2-2: Ball 3-2: Ground out 4-3 (Groundball, 34D, EV 95.0 MPH)
|
Bottom of the 3rd over - 3 runs, 3 hits, 0 errors, 0 left on base; Hudson Valley 1 - Spokane 3 |
TOP OF THE 4TH |
Hudson Valley Renegades batting - Pitching for Spokane Indians : RHP Dan Rohrbach
|
Batting: SHB Joey Pacheco
|
0-0: Called Strike 0-1: Ball 1-1: Ball 2-1: Called Strike 2-2: Strikes out looking
|
Batting: LHB Eric Toney
|
0-0: Called Strike 0-1: Ball 1-1: Fly out, F8 (Flyball, 8RD, EV 91.2 MPH)
|
Batting: LHB Helmut Steggall
|
0-0: Ball 1-0: Foul Ball, location: 2F 1-1: Ball 2-1: Called Strike 2-2: Ball 3-2: Foul Ball, location: 2F 3-2: Base on Balls
|
Batting: RHB Dave Galloway
|
0-0: Called Strike Helmut Steggall is caught stealing 2nd base 2-4
|
Top of the 4th over - 0 runs, 0 hits, 0 errors, 0 left on base; Hudson Valley 1 - Spokane 3 |
BOTTOM OF THE 4TH |
Spokane Indians batting - Pitching for Hudson Valley Renegades : RHP Cameron Bianchi
|
Batting: LHB Nick Foutz
|
0-0: Fly out, F8 (Flyball, 89M, EV 84.4 MPH)
|
Batting: RHB Sergio Godinez
|
0-0: Ground out 5-3 (Groundball, 56S, EV 90.6 MPH)
|
Batting: LHB Caleb Domino
|
0-0: Ball 1-0: Ball 2-0: Ball 3-0: Foul Ball, location: 2F 3-1: Foul Ball, location: 2F 3-2: Strikes out swinging
|
Bottom of the 4th over - 0 runs, 0 hits, 0 errors, 0 left on base; Hudson Valley 1 - Spokane 3 |
TOP OF THE 5TH |
Hudson Valley Renegades batting - Pitching for Spokane Indians : RHP Dan Rohrbach
|
Batting: RHB Dave Galloway
|
0-0: SINGLE (Groundball, 56D, EV 97.5 MPH)
|
Batting: SHB Chris Lockart
|
0-0: Called Strike 0-1: Ground out 4-3 (Groundball, 34, EV 97.5 MPH) Dave Galloway to second
|
Batting: RHB Jesus Carrillo
|
0-0: Ball 1-0: Called Strike 1-1: Swinging Strike 1-2: Ball 2-2: Ball 3-2: Strikes out looking
|
Batting: LHB Jonathan Spino
|
0-0: Ball 1-0: Ball 2-0: Ball 3-0: Called Strike 3-1: Foul Ball, location: 2F 3-2: SINGLE (Groundball, 6S, EV 68.8 MPH) (infield hit) Dave Galloway to third
|
Batting: SHB Josif Popovski
|
0-0: Called Strike 0-1: Foul Ball, location: 2F 0-2: Strikes out swinging
|
Top of the 5th over - 0 runs, 2 hits, 0 errors, 2 left on base; Hudson Valley 1 - Spokane 3 |
BOTTOM OF THE 5TH |
Spokane Indians batting - Pitching for Hudson Valley Renegades : RHP Cameron Bianchi
|
Batting: RHB Tim Adams
|
0-0: Ball 1-0: Called Strike 1-1: Fly out, F9 (Line Drive, 89M, EV 86.2 MPH)
|
Batting: RHB Luke Stark
|
0-0: Ball 1-0: Called Strike 1-1: Ball 2-1: Foul Ball, location: 2F 2-2: Ball 3-2: Foul Ball, location: 2F 3-2: Foul Ball, location: 2F 3-2: Fly out, F7 (Flyball, 7LD, EV 99.4 MPH)
|
Batting: RHB Ferdi Schipper
|
0-0: Bunt missed! 0-1: Ball 1-1: Ball 2-1: Called Strike 2-2: Ball 3-2: Strikes out swinging
|
Bottom of the 5th over - 0 runs, 0 hits, 0 errors, 0 left on base; Hudson Valley 1 - Spokane 3 |
TOP OF THE 6TH |
Hudson Valley Renegades batting - Pitching for Spokane Indians : RHP Dan Rohrbach
|
Batting: LHB Rocky Crowley
|
0-0: Called Strike 0-1: Ground out 1-3 (Groundball, 34S, EV 71.9 MPH)
|
Batting: SHB Joey Pacheco
|
0-0: Ball 1-0: Ball 2-0: Foul Ball, location: 2F 2-1: Ball 3-1: Base on Balls
|
Pitching: RHP Elvis Diaz
|
|
Batting: LHB Eric Toney
|
0-0: Ball Joey Pacheco steals 2nd, throwing error, E2 Joey Pacheco to third 1-0: Ball 2-0: Ball 3-0: Called Strike 3-1: Base on Balls
|
Batting: LHB Helmut Steggall
|
0-0: Swinging Strike 0-1: Fly out, F7 (Flyball, 78S, EV 87.5 MPH)
|
Batting: RHB Dave Galloway
|
0-0: Ball 1-0: Fly out, F4 (Popup, 34D, EV 72.5 MPH)
|
Top of the 6th over - 0 runs, 0 hits, 1 error, 2 left on base; Hudson Valley 1 - Spokane 3 |
BOTTOM OF THE 6TH |
Spokane Indians batting - Pitching for Hudson Valley Renegades : RHP Cameron Bianchi
|
Batting: LHB Jose Baez
|
0-0: Ground out 3-1 (Groundball, 13, EV 90.6 MPH)
|
Batting: RHB Andres Mendiola
|
0-0: Ground out 5-3 (Groundball, 56, EV 109.4 MPH)
|
Batting: LHB Gabriel Graves
|
0-0: Ball 1-0: Swinging Strike 1-1: Foul Ball, location: 2F 1-2: Foul Ball, location: 2F 1-2: Ball 2-2: Fly out, F9 (Line Drive, 9S, EV 90.0 MPH)
|
Bottom of the 6th over - 0 runs, 0 hits, 0 errors, 0 left on base; Hudson Valley 1 - Spokane 3 |
TOP OF THE 7TH |
Hudson Valley Renegades batting - Pitching for Spokane Indians : RHP Elvis Diaz
|
Now at 1B: Herb Craig
|
|
Now at 2B: Darnell Jones
|
|
Batting: SHB Chris Lockart
|
0-0: Swinging Strike 0-1: Foul Ball, location: 2F 0-2: Ground out U3 (Groundball, 3, EV 90.6 MPH)
|
Pinch Hitting: LHB Alex Genao
|
0-0: SINGLE (Flyball, 8RS, EV 93.1 MPH)
|
Batting: LHB Jonathan Spino
|
0-0: Swinging Strike 0-1: Ball 1-1: Foul Ball, location: 2F 1-2: Ground out U3 (Groundball, 3L, EV 90.6 MPH) Alex Genao to second
|
Batting: SHB Josif Popovski
|
0-0: Ball 1-0: Ball 2-0: Foul Ball, location: 2F 2-1: Ball 3-1: Foul Ball, location: 2F 3-2: Strikes out looking
|
Top of the 7th over - 0 runs, 1 hit, 0 errors, 1 left on base; Hudson Valley 1 - Spokane 3 |
BOTTOM OF THE 7TH |
Spokane Indians batting - Pitching for Hudson Valley Renegades : RHP Cameron Bianchi
|
Now at 2B: Alex Genao
|
|
Batting: LHB Nick Foutz
|
0-0: Ball 1-0: Ball 2-0: Swinging Strike 2-1: Foul Ball, location: 2F 2-2: Ball 3-2: Ground out U3 (Groundball, 34, EV 90.0 MPH)
|
Batting: RHB Sergio Godinez
|
0-0: Ball 1-0: Foul Ball, location: 2F 1-1: Ball 2-1: Ball 3-1: Called Strike 3-2: DOUBLE (Line Drive, 7LS, EV 94.4 MPH)
|
Batting: LHB Caleb Domino
|
0-0: Ball 1-0: Ball 2-0: Ball 3-0: Called Strike 3-1: Swinging Strike 3-2: Ground out 5-3 (Groundball, 56S, EV 93.8 MPH)
|
Pitching: LHP Toshiaki Wada
|
|
Batting: RHB Tim Adams
|
0-0: Foul Ball, location: 2F 0-1: Ball 1-1: Swinging Strike 1-2: Strikes out swinging
|
Bottom of the 7th over - 0 runs, 1 hit, 0 errors, 1 left on base; Hudson Valley 1 - Spokane 3 |
TOP OF THE 8TH |
Hudson Valley Renegades batting - Pitching for Spokane Indians : RHP Elvis Diaz
|
Now at 2B: Zach Thomason
|
|
Now at 3B: Shoh Tanioka
|
|
Now at SS: Darnell Jones
|
|
Batting: LHB Rocky Crowley
|
0-0: Called Strike 0-1: Called Strike 0-2: Ball 1-2: Strikes out swinging
|
Batting: SHB Joey Pacheco
|
0-0: Ball 1-0: Ball 2-0: Called Strike 2-1: Foul Ball, location: 2F 2-2: Fly out, F8 (Flyball, 8LM, EV 78.8 MPH)
|
Batting: LHB Eric Toney
|
0-0: Called Strike 0-1: Foul Ball, location: 2F 0-2: Strikes out looking
|
Top of the 8th over - 0 runs, 0 hits, 0 errors, 0 left on base; Hudson Valley 1 - Spokane 3 |
BOTTOM OF THE 8TH |
Spokane Indians batting - Pitching for Hudson Valley Renegades : LHP Toshiaki Wada
|
Batting: RHB Herb Craig
|
0-0: Called Strike 0-1: Ball 1-1: Called Strike 1-2: Fly out, F8 (Flyball, 89M, EV 82.5 MPH)
|
Batting: RHB Darnell Jones
|
0-0: Ball 1-0: Ball 2-0: Ball 3-0: Called Strike 3-1: Foul Ball, location: 2F 3-2: Base on Balls
|
Batting: LHB Jose Baez
|
0-0: Foul Ball, location: 2F 0-1: Ball 1-1: Ball 2-1: Foul Ball, location: 2F 2-2: Ball 3-2: Fly out, F8 (Flyball, 8LD, EV 86.9 MPH)
|
Batting: RHB Shoh Tanioka
|
0-0: Ball 1-0: Fielders Choice at 2nd, 5-4 (Groundball, 56, EV 81.2 MPH)
|
Bottom of the 8th over - 0 runs, 0 hits, 0 errors, 1 left on base; Hudson Valley 1 - Spokane 3 |
TOP OF THE 9TH |
Hudson Valley Renegades batting - Pitching for Spokane Indians : RHP Elvis Diaz
|
Pitching: RHP Victor Morin
|
|
Batting: LHB Helmut Steggall
|
0-0: Ball 1-0: Ball 2-0: Called Strike 2-1: Swinging Strike 2-2: Strikes out swinging
|
Batting: RHB Dave Galloway
|
0-0: Called Strike 0-1: Ball 1-1: Ball 2-1: Fly out, F9 (Line Drive, 9S, EV 89.4 MPH)
|
Batting: SHB Chris Lockart
|
0-0: Ball 1-0: Ball 2-0: Called Strike 2-1: Ground out 5-3 (Groundball, 56S, EV 76.9 MPH)
|
Top of the 9th over - 0 runs, 0 hits, 0 errors, 0 left on base; Hudson Valley 1 - Spokane 3 |
|